 Dungeon Crawl Stone Soup version 0.29-a0-91-gdebf4667c2 (webtiles) character file.

Game seed: 14891942236370746409

156 enile the Magician (level 5, 0/40 HPs)
             Began as a Djinni Fire Elementalist on Feb 8, 2022.
             Was a Believer of Wu Jian.
             Slain by an ogre (11 damage)
             ... on level 3 of the Dungeon.
             The game lasted 00:04:27 (4121 turns).

enile the Magician (Djinni Fire Elementalist)       Turns: 4121, Time: 00:04:27

Health: 0/40       AC:  4    Str:  7    XL:     5   Next: 64%
Gold:   30         EV: 11    Int: 19    God:    Wu Jian [**....] SH:  0 Dex: 13

rFire   + + .      SeeInvis .   o - +1 dagger (venom)
rCold   x . .      Faith    .   (no shield)
rNeg    . . .      Spirit   .   p - +0 leather armour
rPois   ∞          Reflect  .   (no helmet)
rElec   .          Harm     .   (no cloak)
rCorr   .          Rampage  .   f - +0 pair of gloves
Will    .....                   (boots unavailable)
Stlth   ++........              (no amulet)
HPRegen 0.13/turn               (no ring)
MPRegen 0.00/turn               (no ring)

@: flying, very slightly contaminated
A: sickness immunity, fire resistance 2, cold vulnerability 1, float, innate
caster, HP casting, extra vitality 1
a: Renounce Religion, Wall Jump


You were on level 3 of the Dungeon.
You worshipped Wu Jian.
Wu Jian was pleased with you.
You visited 1 branch of the dungeon, and saw 3 of its levels.

You collected 56 gold pieces.
You spent 26 gold pieces at shops.

Inventory:

Hand Weapons
 g - a +0 quarterstaff
 o - a +1 dagger of venom (weapon)
Missiles
 k - 6 javelins (quivered)
Armour
 a - a +0 robe
 f - a +0 pair of gloves (worn)
 p - a +0 leather armour (worn)
Scrolls
 c - 2 scrolls of enchant weapon
 m - a scroll of identify
 n - a scroll of noise {unknown}
 q - a scroll of silence {unknown}
 r - a scroll of blinking {unknown}
 s - a scroll of fog {unknown}
Potions
 b - a potion of heal wounds {unknown}
 d - a potion of might {unknown}
 e - a potion of haste {unknown}
 h - a potion of lignification {unknown}
 i - 2 potions of curing {unknown}
 l - a potion of mutation {unknown}


   Skills:
 - Level 3.0 Fighting
 - Level 2.1 Dodging
 - Level 1.5 Stealth
 + Level 3.8 Spellcasting


You couldn't memorise any spells.
You knew the following spells:

 Your Spells              Type           Power      Damage    Failure   Level
a - Foxfire               Conj/Fire      72%        2x1d7     4%          1
b - Scorch                Fire           36%        2d7       7%          2
c - Conjure Flame         Conj/Fire      18%        6-21      13%         3
d - Inner Flame           Hex/Fire       18%        N/A       13%         3
e - Flame Wave            Conj/Fire      18%        2d6       41%         4
f - Shock                 Conj/Air       72%        1d7       4%          1
g - Corpse Rot            Necr/Air       36%        N/A       7%          2
Your spell library was empty.

Dungeon Overview and Level Annotations

Branches:
Dungeon (3/15)

Altars:
Gozag
Wu Jian

Shops:
D:1 (   D:2 (?!   D:3 [

Annotations:
D:3 3 runed translucent doors, IdlyInterested's ghost, amateur DsWn


Innate Abilities, Weirdness & Mutations

You are immune to sickness and miasma.
You are immune to poison.
Your flesh is very heat resistant. (rF++)
You are vulnerable to cold. (rC-)
You float through the air rather than walking.
You learn spells naturally, not from books.
Your magical power is your life essence.
You have superior vitality. (+4 MHP)


Message History

The foxfire hits the ufetubus but does no damage.
The foxfire hits the ufetubus.
The ufetubus is burned terribly!
The ufetubus is almost dead.
Casting: Foxfire (safe; 4% risk of failure)
Confirm with . or Enter, or press ? or * to list all spells.
Flames lash the ufetubus.
The ufetubus is burned terribly!
You kill the ufetubus!
The Council accepts your kill. The dart slug launches a dart at you.
The slug dart hits you.
Casting: Scorch (safe; 7% risk of failure)
Confirm with . or Enter, or press ? or * to list all spells.
Flames lash the dart slug.
You kill the dart slug!
The Council accepts your kill. The ogre misses you.
Throw: 2 darts (atropa)
Press: ? - help, Q - select action, (/) - cycle Shift-Dir - straight line, f - ogre
Aim: an ogre, wielding a +0 giant club (73% to hit, chance to blind on hit: 41%)
You throw an atropa-tipped dart. The atropa-tipped dart hits the ogre.
The ogre resists.
The ogre hits you with a +0 giant club!
Throw: dart (atropa)
Press: ? - help, Q - select action, (/) - cycle Shift-Dir - straight line, f/p - ogre
Aim: an ogre, wielding a +0 giant club (73% to hit, chance to blind on hit: 41%)
You throw an atropa-tipped dart. The atropa-tipped dart hits the ogre.
The ogre appears confused.
Casting: Scorch (safe; 7% risk of failure)
Confirm with . or Enter, or press ? or * to list all spells.
You miscast Scorch.
You are very lightly contaminated with residual magic.
Nothing appears to happen.
The ogre seems less confused.
Casting: Scorch (safe; 7% risk of failure)
Confirm with . or Enter, or press ? or * to list all spells.
Flames lash the worm.
The worm is severely wounded.
The worm's fire resistance burns away.
* * * LOW HITPOINT WARNING * * *
The ogre is no longer blind.
The ogre hits you with a +0 giant club!
You die...

+##........## #..
###...#### #..
#.##†.# #..
#[.'..# #..
#.##..# #..
###...# . #..
####.....#
....##(##.......##
#....w@.....###
.......O...####
############


You could see an ogre and a worm (combustible).

Vanquished Creatures
  2 orc wizards
  2 adders
  An ufetubus (D:3)
  3 worms
  A dart slug (D:3)
  6 orcs
  10 bats
  4 endoplasms
  5 giant cockroaches (D:1)
  5 goblins
  5 hobgoblins
  A quokka (D:2)
  9 ball pythons
  4 frilled lizards
  4 kobolds
  7 rats
69 creatures vanquished.

Vanquished Creatures (others)
  197 foxfires
197 creatures vanquished.

Grand Total: 266 creatures vanquished

Notes
Turn   | Place    | Note
-------+----------+-------------------------------------------
     0 | D:1      | enile the Djinni Fire Elementalist began the quest for the
                  | Orb.
     0 | D:1      | Reached XP level 1. HP: 15/15 MP: 0/0
   161 | D:1      | Reached skill level 1 in Fighting
   463 | D:1      | Reached XP level 2. HP: 18/22 MP: 0/0
   800 | D:1      | Found Oclaogiu's Weapon Boutique.
  1426 | D:1      | Reached XP level 3. HP: 26/28 MP: 0/0
  1426 | D:1      | Learned a level 1 spell: Shock
  1601 | D:1      | Found a faded altar of an unknown god.
  1663 | D:1      | Prayed at the altar of an unknown god.
  1663 | D:1      | Became a worshipper of the Wu Jian Council
  1663 | D:1      | Reached * piety under Wu Jian
  1893 | D:2      | Found Zakuav's Magic Scroll Shop.
  2161 | D:2      | Reached XP level 4. HP: 32/34 MP: 0/0
  2483 | D:2      | Found Koxtaa's Distillery.
  2604 | D:2      | Found Ygufeyti's Magic Scroll Shoppe.
  2611 | D:2      | Bought a scroll of identify for 26 gold pieces
  2915 | D:2      | Found Ticroots's Weapon Emporium.
  3348 | D:2      | Reached XP level 5. HP: 4/40 MP: 0/0
  3348 | D:2      | Learned a level 2 spell: Corpse Rot
  3638 | D:3      | Reached ** piety under Wu Jian
  3788 | D:3      | Found a runed translucent gate.
  3788 | D:3      | Found a runed translucent gate.
  3788 | D:3      | Found a runed translucent gate.
  3794 | D:3      | Found an opulent altar of Gozag.
  3801 | D:3      | Noticed IdlyInterested's ghost (amateur DsWn)
  3984 | D:3      | Found Rokhu's Armour Emporium.
  4107 | D:3      | Noticed an ogre
  4121 | D:3      | Slain by an ogre

Illustrated notes

Levels and vault maps discovered:
D:1:      ncdulo_watergridlock, layout_basic, basic_ecumenical_altar,
          serial_shops, nicolae_diamond_shop, st_stairs_1
D:2:      minmay_alternating_diamond, layout_loops_ring, serial_shops, shop,
          shop, nicolae_diamond_shop, nicolae_shop_advertising_works
          [nicolae_subvault_shop_adworks], minmay_bisected
D:3:      layout_rooms, mainiacjoe_overflow_alcove_1, serial_shops,
          nicolae_shop_behind_doors, ebering_ghost_gozag,
          minmay_divided_ellipse, uniq_robin

Skill      XL: |  1  2  3  4 |
---------------+-------------+-----
Fighting       | 1 2 3 |  3.0
Spellcasting   | 3 |  3.8
Dodging        | |  2.1
Stealth        | |  1.5

Action                   |  1- 3 |  4- 6 || total
-------------------------+-------+-------++-------
Melee: Unarmed           |     3 |       ||     3
Throw: Dart              |       |     3 ||     3
 Cast: Foxfire           |    70 |    72 ||   142
       Shock             |     7 |       ||     7
       Scorch            |     2 |    20 ||    22
  Use: Scroll            |     1 |       ||     1
Armor: Robe              |    23 |     1 ||    24
       Leather armour    |       |     1 ||     1
Dodge: Dodged            |    55 |    15 ||    70

Table legend: (Time is in decaauts)
 A = Elapsed time spent in this place.
 B = Non-inter-level travel time spent in this place.
 C = Inter-level travel time spent in this place.
 D = Time resting spent in this place.
 E = Time spent auto-exploring this place.
 F = Levels seen in this place.
 G = Mean time per level.
                   A        B        C        D        E       F      G
               +--------+--------+--------+--------+--------+-----+--------+
         Total |   4121 |   4025 |     96 |     35 |   3468 |   3 | 1373.7 |
       Dungeon |   4121 |   4025 |     96 |     35 |   3468 |   3 | 1373.7 |
               +--------+--------+--------+--------+--------+-----+--------+

Top non-repeatable levels by time:
     D:1: 1856 daAuts
     D:2: 1761 daAuts
     D:3: 503 daAuts
